 Dungeon Crawl Stone Soup version 0.20.1-1-g8b1a95d (webtiles) character file.

8981 Irenicus the Martial Artist (level 11, -3/84 HPs)
             Began as a Deep Dwarf Transmuter on Oct 14, 2017.
             Was a Believer of Makhleb.
             Killed from afar by an orc wizard (18 damage)
             ... with a wand of lightning (?/15)
             ... on level 8 of the Dungeon.
             The game lasted 00:33:52 (7481 turns).

Irenicus the Martial Artist (Deep Dwarf Transmuter) Turns: 7481, Time: 00:33:52

Health: -3/84      AC:  7    Str: 14    XL:     11   Next: 17%
Magic:  8/8        EV: 17    Int: 16    God:    Makhleb [**....]
Gold:   158        SH: 18    Dex: 14    Spells: 11/14 levels left

rFire    . . .     SeeInvis +     - Unarmed
rCold    . . .     Gourm    .   i - +2 shield
rNeg     + . .     Faith    .   s - +1 leather armour of the Past {rN+} (curse)
rPois    .         Spirit   .   m - +0 helmet
rElec    .         Reflect  +   w - +0 cloak
rCorr    .         Harm     .   (no gloves)
MR       +....                  j - +0 pair of boots
Stlth    +.........             f - +5 amulet of reflection
Regen    0.0/turn               x - +6 ring of evasion
MPRegen  0.2/turn               g - ring of see invisible

@: non-regenerating
A: damage resistance, heal wounds, clever 1, clumsy 1, sense surroundings 2, no
regeneration
a: Heal Wounds, Minor Destruction, Renounce Religion


You were on level 8 of the Dungeon.
You worshipped Makhleb.
Makhleb was pleased with you.
You were hungry.

You visited 2 branches of the dungeon, and saw 9 of its levels.

You collected 470 gold pieces.
You spent 312 gold pieces at shops.

Inventory:

Missiles
 a - 117 arrows
Armour
 h - the +1 ring mail "Dasa" {rC++ Int+2}
   (You found it on level 4 of the Dungeon)

   It affects your intelligence (+2).
   It greatly protects you from cold.
 i - a +2 shield (worn)
 j - a +0 pair of boots (worn)
 m - a +0 helmet (worn)
 s - the cursed +1 leather armour of the Past (worn) {rN+}
   (You found it on level 7 of the Dungeon)

   It protects you from negative energy.
   It has a curse placed upon it.
 w - a +0 cloak (worn)
 D - the +1 robe "Enwa" {rCorr Str+4 SInv}
   (You found it on level 4 of the Dungeon)

   It affects your strength (+4).
   It lets you see invisible.
   It protects you from acid and corrosion.
 M - the +2 leather armour "Dana" {*Contam rPois rCorr}
   (You took it off an orc on level 7 of the Dungeon)

   It protects you from poison.
   It causes magical contamination when unequipped.
   It protects you from acid and corrosion.
Jewellery
 b - the ring of Secrets {rF- rN+++ MR+ Int+5}
   (You acquired it on level 7 of the Dungeon)

   [ring of protection from magic]

   It affects your intelligence (+5).
   It makes you vulnerable to fire.
   It renders you almost immune to negative energy.
   It affects your resistance to hostile enchantments.
 f - a +5 amulet of reflection (around neck)
 g - a ring of see invisible (right hand)
 v - a +4 ring of dexterity
 x - a +6 ring of evasion (left hand)
 L - an uncursed ring of resist corrosion
Wands
 G - a wand of acid (0/15)
Scrolls
 e - 4 scrolls of recharging
 k - 3 scrolls of amnesia
 n - 2 scrolls of teleportation
 p - 8 scrolls of remove curse
 q - a scroll of immolation {unknown}
 t - a scroll of noise {unknown}
 u - 3 scrolls of identify
 y - 2 scrolls of enchant armour {unknown}
 A - a scroll of vulnerability {unknown}
 B - 2 scrolls of random uselessness {unknown}
 C - 2 scrolls of fog {unknown}
 K - a scroll of enchant weapon
Potions
 l - 7 potions of curing
 E - 2 potions of agility
 I - a potion of brilliance
 J - 3 potions of might
Books
 c - a book of Changes

   Spells                             Type                      Level
   a - Beastly Appendage              Transmutation                1
   b - Sticks to Snakes               Transmutation                2
   c - Spider Form                    Transmutation/Poison         3
   d - Ice Form                       Ice/Transmutation            4
   e - Blade Hands                    Transmutation                5
 r - a Grand Grimoire

   Spells                             Type                      Level
   a - Monstrous Menagerie            Summoning                    7
   b - Summon Greater Demon           Summoning                    7
   c - Malign Gateway                 Summoning/Translocation      7
   d - Summon Horrible Things         Summoning                    8
 F - a book of Maledictions

   Spells                             Type                      Level
   a - Corona                         Hexes                        1
   b - Ensorcelled Hibernation        Hexes/Ice                    2
   c - Confuse                        Hexes                        3
   d - Tukima's Dance                 Hexes                        3
   e - Dazzling Spray                 Conjuration/Hexes            3
Comestibles
 d - 5 bread rations
 o - 2 royal jellies
 z - 3 meat rations
 H - 5 fruits


   Skills:
 - Level 1.0 Fighting
 - Level 2.1 Dodging
 - Level 10.0 Shields
 + Level 13.3 Unarmed Combat
 - Level 2.0 Spellcasting
 - Level 2.0 Transmutations
 - Level 1.0 Evocations


You had 11 spell levels left.
You knew the following spells:

 Your Spells              Type           Power        Failure   Level  Hunger
a - Beastly Appendage     Tmut           #.....       22%         1    #......
b - Sticks to Snakes      Tmut           #.......     32%         2    ###....


Dungeon Overview and Level Annotations

Branches:
Dungeon (8/15)             Temple (1/1) D:4
   Lair: D:8-11

Altars:
Ashenzari
Cheibriados
Dithmenos
Elyvilon
Fedhas
Gozag
Hepliaklqana
Kikubaaqudgha
Makhleb
Nemelex Xobeh
Okawaru
Qazlal
Ru
Sif Muna
Trog
Uskayaw
Vehumet
Xom
Yredelemnul
Zin
The Shining One

Shops:
D:7 !

Annotations:
D:4 Pikel


Innate Abilities, Weirdness & Mutations

You are resistant to damage.
You can heal yourself by infusing magical energy.
You passively map the area around you.
You do not regenerate.
Your mind is acute. (Int +2)
You are clumsy. (Dex -2)


Message History

The scorpion is severely wounded.
The orc wizard mumbles some strange words.
The orc wizard seems to speed up.
You block the scorpion's attack.
You punch the scorpion!
You kill the scorpion!
Makhleb accepts your kill.
You feel better. The orc wizard casts a spell at you.
The puff of flame reflects off an invisible shield around you!
The puff of flame misses the orc wizard.
The orc wizard zaps a wand.
The bolt of lightning misses you.
It is a wand of lightning (?/15).
You see here a scorpion corpse.
The orc wizard gestures at you while chanting.
The magic dart hits you! The orc wizard barely misses you.
You closely miss the orc wizard.
The orc wizard zaps a wand.
The bolt of lightning hits you!
* * * LOW HITPOINT WARNING * * *
The bolt of lightning hits you!
You die...

*##########
........).#############
, ,
............÷.[.........
,* ,,
..#...#...##############
* ,..#...#..# *
#...#...#.# , ,
...#...#.†# *
..#...#...# , ,
.......@..# , ,,
#...#..o#.# , ,
...#...#..# ,,#...# ..#
* ..#.. ..# ,#. .#. .#.#
. ... , .# , , .# . * .#
,* ,*,


You could see an orc wizard.

Vanquished Creatures
  A catoblepas (D:7)
  A two-headed ogre (D:8)
  A wolf spider zombie (D:7)
  Joseph (D:7)
  A centaur skeleton (D:7)
  A redback zombie (D:7)
  2 hellwings (D:7)
  A harpy skeleton (D:7)
  Grinder (D:3)
  A hippogriff (D:7)
  5 yaks (D:8)
  Eustachio (D:4)
  A hungry ghost (D:6)
  2 orc warriors
  A sky beast (D:8)
  4 ice beasts
  3 ogres
  2 centaurs
  2 phantoms
  Blork the orc (D:4)
  2 big kobolds (D:8)
  6 bullfrogs
  4 scorpions
  5 wights
  3 centaur zombies
  A howler monkey (D:5)
  5 crimson imps
  3 bullfrog zombies (D:6)
  A quasit (D:8)
  2 jellies
  Crazy Yiuf (D:3)
  7 orc priests
  9 hounds
  7 orc wizards
  A bullfrog skeleton (D:4)
  3 worker ants
  A killer bee zombie (D:6)
  2 hound skeletons
  2 worker ant zombies
  A howler monkey zombie (D:6)
  A howler monkey skeleton (D:5)
  11 adders
  5 shadow imps
  4 oozes
  An adder zombie (D:6)
  A worm (D:2)
  4 leopard geckos
  36 orcs
  6 giant cockroaches
  4 goblins (D:1)
  7 hobgoblins
  12 jackals
  9 kobolds
  6 quokkas
  A ball python (D:5)
  8 bats
  6 frilled lizards
  A jackal zombie (D:6)
  3 leopard gecko skeletons
  A leopard gecko zombie (D:6)
  A quokka skeleton (D:6)
  4 rats
231 creatures vanquished.

Vanquished Creatures (collateral kills)
  Natasha (D:2)
  A leopard gecko (D:2)
  A goblin (D:2)
3 creatures vanquished.

Vanquished Creatures (others)
  A withered plant (D:7)
1 creature vanquished.

Grand Total: 235 creatures vanquished

Notes
Turn   | Place    | Note
-------+----------+-------------------------------------------
     0 | D:1      | Irenicus the Deep Dwarf Transmuter began the quest for the Orb.
     0 | D:1      | Reached XP level 1. HP: 16/16 MP: 3/3
   200 | D:1      | Reached skill level 1 in Fighting
   232 | D:1      | Reached skill level 3 in Unarmed Combat
   232 | D:1      | Reached XP level 2. HP: 25/25 MP: 3/5
   654 | D:1      | Reached skill level 1 in Shields
   688 | D:2      | Found a shimmering altar of Xom.
   688 | D:2      | Found a shimmering altar of Xom.
   689 | D:2      | Found a shimmering altar of Xom.
   690 | D:2      | Found a shimmering altar of Xom.
   799 | D:2      | Reached XP level 3. HP: 26/31 MP: 6/6
   908 | D:2      | Found a shimmering altar of Xom.
   908 | D:2      | Found a shimmering altar of Xom.
  1200 | D:2      | Noticed Natasha
  1206 | D:2      | Learned a level 2 spell: Sticks to Snakes
  1214 | D:2      | Killed Natasha
  1214 | D:2      | Reached XP level 4. HP: 24/38 MP: 4/7
  1411 | D:3      | Noticed Grinder
  1413 | D:3      | Paralysed by Grinder for 4 turns
  1646 | D:3      | Found a runed door.
  1666 | D:3      | Paralysed by Grinder for 5 turns
  1677 | D:3      | Paralysed by Grinder for 4 turns
  1683 | D:3      | Paralysed by Grinder for 2 turns
  1694 | D:3      | Paralysed by Grinder for 3 turns
  1703 | D:3      | Killed Grinder
  1703 | D:3      | Reached skill level 5 in Shields
  1703 | D:3      | Reached XP level 5. HP: 16/44 MP: 6/6
  1703 | D:3      | Reached XP level 6. HP: 19/51 MP: 7/7
  1710 | D:3      | Noticed Crazy Yiuf
  1726 | D:3      | Killed Crazy Yiuf
  2521 | D:4      | Noticed Blork the orc
  2547 | D:4      | Killed Blork the orc
  2711 | D:4      | Found a white marble altar of Elyvilon.
  2800 | D:4      | Got a steaming robe
  2829 | D:4      | Reached XP level 7. HP: 49/57 MP: 8/8
  2981 | D:5      | Entered Level 5 of the Dungeon
  3078 | D:4      | Noticed Eustachio
  3079 | D:4      | Noticed Pikel
  3201 | D:4      | Identified the +1 robe "Enwa" {rCorr Str+4 SInv} (You found it on level 4 of the Dungeon)
  3323 | D:4      | Reached skill level 4 in Unarmed Combat
  3459 | D:4      | Killed Eustachio
  3487 | D:4      | Found a staircase to the Ecumenical Temple.
  3498 | Temple   | Entered the Ecumenical Temple
  3773 | D:4      | Got a heavily runed ring mail
  3784 | D:4      | Identified the +1 ring mail "Dasa" {rC++ Int+2} (You found it on level 4 of the Dungeon)
  3897 | D:5      | Reached XP level 8. HP: 35/64 MP: 7/7
  4157 | D:5      | Found an iron altar of Okawaru.
  4158 | D:5      | Reached skill level 5 in Unarmed Combat
  4479 | D:5      | Reached skill level 6 in Unarmed Combat
  4488 | D:5      | Reached skill level 10 in Shields
  4788 | D:6      | Reached skill level 7 in Unarmed Combat
  4788 | D:6      | Gained mutation: You passively map the area around you. [Deep Dwarf growth]
  4788 | D:6      | Reached XP level 9. HP: 25/70 MP: 8/8
  5146 | D:6      | Found a burning altar of Makhleb.
  5170 | D:6      | Became a worshipper of Makhleb the Destroyer
  5307 | D:6      | Reached skill level 8 in Unarmed Combat
  5712 | D:7      | Found Zozineryo's Distillery.
  5727 | D:7      | Bought a potion of heal wounds for 65 gold pieces
  5727 | D:7      | Bought a potion of agility for 52 gold pieces
  5727 | D:7      | Bought 2 potions of might for 104 gold pieces
  5727 | D:7      | Bought a potion of might for 52 gold pieces
  5727 | D:7      | Bought a potion of curing for 39 gold pieces
  5752 | D:7      | Noticed a hellwing
  5755 | D:7      | Reached skill level 9 in Unarmed Combat
  5768 | D:7      | Noticed a hellwing
  5801 | D:7      | Killed a hellwing
  5810 | D:7      | Reached skill level 1 in Evocations
  5846 | D:7      | Reached skill level 10 in Unarmed Combat
  5858 | D:7      | Reached XP level 10. HP: 12/78 MP: 8/8
  5902 | D:7      | Reached * piety under Makhleb
  5940 | D:7      | Got a crude leather armour
  5956 | D:7      | Identified the cursed +1 leather armour of the Past {rN+} (You found it on level 7 of the Dungeon)
  5956 | D:7      | Identified a scroll of acquirement
  5957 | D:7      | Got a bound amber ring
  5959 | D:7      | Identified the ring of Secrets {rF- rN+++ MR+ Int+5} (You acquired it on level 7 of the Dungeon)
  6019 | D:7      | Reached skill level 11 in Unarmed Combat
  6055 | D:7      | Noticed Joseph
  6077 | D:7      | Killed Joseph
  6130 | D:7      | Got a smoking leather armour
  6131 | D:7      | Identified the +2 leather armour "Dana" {*Contam rPois rCorr} (You took it off an orc on level 7 of the Dungeon)
  6596 | D:8      | Found a stormy altar of Qazlal.
  6676 | D:8      | Reached skill level 12 in Unarmed Combat
  6852 | D:8      | Reached ** piety under Makhleb
  7034 | D:8      | Noticed a catoblepas
  7034 | D:8      | Noticed a two-headed ogre
  7103 | D:8      | Killed a two-headed ogre
  7136 | D:7      | Killed a catoblepas
  7136 | D:7      | Reached skill level 13 in Unarmed Combat
  7136 | D:7      | Reached XP level 11. HP: 64/84 MP: 8/8
  7367 | D:8      | Gained mutation: Your mind is acute. (Int +2) [mutagenic meat]
  7368 | D:8      | Gained mutation: You are clumsy. (Dex -2) [mutagenic meat]
  7481 | D:8      | Killed from afar by an orc wizard

Skill      XL: |  1  2  3  4  5  6  7  8  9 10 |
---------------+-------------------------------+-----
Fighting       | 1 |  1.0
Spellcasting   | 2 |  2.0
Unarmed Combat | 3 4 7 10 13 | 13.3
Transmutations | 2 |  2.0
Shields        | 1 3 5 7 8 10 | 10.0
Evocations     | 1 |  1.0
Dodging        | |  2.1

Action                   |  1- 3 |  4- 6 |  7- 9 | 10-12 || total
-------------------------+-------+-------+-------+-------++-------
Melee: Unarmed           |   148 |   333 |   941 |   404 ||  1826
       Headbutt          |     6 |       |       |       ||     6
       Kick              |     2 |       |       |       ||     2
 Cast: Beastly Appendage |    11 |       |       |       ||    11
       Sticks to Snakes  |     1 |     2 |     5 |       ||     8
 Abil: Heal Wounds       |     1 |     8 |     4 |     5 ||    18
Evoke: Wand              |       |       |     5 |       ||     5
  Use: Potion            |       |     2 |     5 |     2 ||     9
       Scroll            |       |       |    10 |     4 ||    14
 Stab: Sleeping          |     1 |     1 |     2 |       ||     4
       Petrified         |       |       |       |    10 ||    10
       Petrifying        |       |       |       |     1 ||     1
  Eat: Chunk             |     1 |     6 |    14 |     7 ||    28
       Fruit             |       |       |     1 |       ||     1
Armor: Robe              |     9 |    33 |    57 |     1 ||   100
       Leather armour    |       |       |       |    33 ||    33
Dodge: Dodged            |    41 |    88 |   283 |   129 ||   541
Block: Other             |     6 |     8 |       |       ||    14
       Shield            |    64 |   229 |   794 |   305 ||  1392
       Reflection        |       |     2 |     2 |     8 ||    12
